 Dungeon Crawl Stone Soup version 0.21-a0-229-g3587535 (webtiles) character file.

39 tof the Caller (level 3, -1/24 HPs)
             Began as a Merfolk Summoner on Sept 1, 2017.
             Slain by a hobgoblin (5 damage)
             ... led by Robin
             ... on level 4 of the Dungeon.
             The game lasted 00:05:47 (1858 turns).

tof the Caller (Merfolk Summoner)                   Turns: 1858, Time: 00:05:48

Health: -1/24      AC:  2    Str:  8    XL:     3   Next: 47%
Magic:  4/6        EV: 13    Int: 15    God:
Gold:   85         SH:  0    Dex: 14    Spells: 5/6 levels left

rFire    . . .     SeeInvis .   g - +0 whip
rCold    . . .     Gourm    .   (no shield)
rNeg     . . .     Faith    .   a - +0 robe
rPois    .         Spirit   .   (no helmet)
rElec    .         Reflect  .   (no cloak)
rCorr    .         Harm     .   (no gloves)
MR       .....                  (no boots)
Stlth    ++........             (no amulet)
HPRegen  0.08/turn              (no ring)
MPRegen  0.10/turn              (no ring)

@: no status effects
A: change form in water, swift swim, stealthy swim
a: no special abilities


You were on level 4 of the Dungeon.
You were not hungry.

You visited 1 branch of the dungeon, and saw 4 of its levels.

You collected 85 gold pieces.

Inventory:

Hand Weapons
 g - a +0 whip (weapon)
Missiles
 r - 7 poisoned needles
Armour
 a - a +0 robe (worn)
Jewellery
 j - an uncursed amulet of guardian spirit {unknown}
Scrolls
 d - 2 scrolls of remove curse {unknown}
 f - a scroll of identify {unknown}
 h - a scroll of noise {unknown}
 i - a scroll of recharging {unknown}
 k - a scroll of magic mapping {unknown}
 m - a scroll of immolation {unknown}
 s - 2 scrolls of teleportation {unknown}
 v - a scroll of amnesia {unknown}
 w - a scroll of random uselessness {unknown}
 x - a scroll of fear {unknown}
 y - a scroll of fog {unknown}
Potions
 e - a potion of ambrosia {unknown}
 l - a potion of mutation {unknown}
 o - a potion of agility {unknown}
 p - a potion of heal wounds {unknown}
 q - a potion of lignification {unknown}
 z - a potion of degeneration {unknown}
Books
 b - a book of Callings

   Spells                             Type                      Level
   a - Summon Small Mammal            Summoning                    1
   b - Call Imp                       Summoning                    2
   c - Call Canine Familiar           Summoning                    3
   d - Summon Guardian Golem          Hexes/Summoning              3
   e - Summon Lightning Spire         Summoning/Air                4
   f - Summon Ice Beast               Ice/Summoning                4
Comestibles
 c - 2 bread rations
 n - 2 meat rations
 t - a chunk of flesh
 u - a royal jelly


   Skills:
 * Level 3.5 Dodging
 + Level 2.2 Stealth
 + Level 2.3 Spellcasting
 * Level 4.5 Summonings


You had 5 spell levels left.
You knew the following spells:

 Your Spells              Type           Power        Failure   Level  Hunger
a - Summon Small Mammal   Summ           ###.         3%          1    #......


Dungeon Overview and Level Annotations

Branches:
Dungeon (4/15)
 Temple: D:4-7

Altars:
Cheibriados
Yredelemnul
The Shining One

Annotations:
D:3 Ijyb
D:4 Robin


Message History

Your quokka closely misses Ijyb.
A frilled lizard comes into view.
Your quokka bites Ijyb but does no damage.
Found a leather armour and 18 stones.
The frilled lizard hisses angrily.
The frilled lizard misses you.
Your quokka disappears in a puff of smoke!
The frilled lizard misses you.
There is a stone staircase leading down here.
Ijyb screams, "Me very upset!"
The frilled lizard closely misses you. Ijyb completely misses you.
You climb downwards. 10 goblins, an orc, an orc priest and Robin come into view.
The hobgoblin shouts! x2; The goblin shouts!
The hobgoblin shouts! x2
The orc shouts!
You hear a shout! x4
Found 26 gold pieces and a leather armour.
There is a stone staircase leading up here.
Robin shouts!
The goblin shouts!
The frilled lizard closely misses you. The hobgoblin hits you.
You die...

##########
#.$g.g.@.#
#.g.g.gl.#
#..g$......
#.....g...[#
#...gg.....#
#....gg..#o#
#.........o.
#........###.


You could see Robin, an orc priest, an orc, 7 hobgoblins, 3 goblins and a
frilled lizard.

Vanquished Creatures
  A dart slug (D:1)
  A ball python (D:1)
  3 goblins
  A hobgoblin (D:2)
  A jackal (D:2)
  3 bats
  2 kobolds
  5 rats
17 creatures vanquished.

Vanquished Creatures (collateral kills)
  An adder (D:2)
  A dart slug (D:2)
  3 bats
  A giant cockroach (D:2)
  4 hobgoblins
  A jackal (D:2)
  A quokka (D:2)
  A goblin (D:2)
  6 kobolds
  4 rats
23 creatures vanquished.

Vanquished Creatures (others)
  A hobgoblin (D:2)
1 creature vanquished.

Grand Total: 41 creatures vanquished

Notes
Turn   | Place    | Note
-------+----------+-------------------------------------------
     0 | D:1      | tof the Merfolk Summoner began the quest for the Orb.
     0 | D:1      | Reached XP level 1. HP: 13/13 MP: 3/3
   351 | D:1      | Reached XP level 2. HP: 14/19 MP: 0/5
   981 | D:2      | Found a snail-covered altar of Cheibriados.
  1274 | D:2      | Reached XP level 3. HP: 23/24 MP: 2/6
  1496 | D:2      | Found a basalt altar of Yredelemnul.
  1502 | D:2      | Noticed a profane servitor
  1526 | D:2      | Found a glowing golden altar of the Shining One.
  1676 | D:2      | Noticed an angel
  1713 | D:3      | Noticed Ijyb
  1857 | D:4      | Noticed Robin
  1858 | D:4      | Slain by a hobgoblin

Vault maps used:
D:1:      sevenhm_arrival_forest_fort_small_4, minmay_splitting_lines,
          minmay_misc_feat_room, minmay_tromino_v4_a
D:2:      grunt_temple_overflow_holy_war, nicolae_overflow_hidden_temple
D:3:      uniq_ijyb
D:4:      ashenzari_altar_1, minmay_temple_entry_purple_smoke,
          uniq_crazy_yiuf_cottage, uniq_robin, uniq_pikel, uniq_edmund

Skill      XL: |  1  2 |
---------------+-------+-----
Dodging        | 3 |  3.5
Stealth        | |  2.2
Spellcasting   | |  2.3
Summonings     | |  4.5

Action                   || total
-------------------------++-------
Melee: Unarmed           ||     9
       Whip              ||    72
 Cast: Summon Small Mamm ||    57
 Stab: Sleeping          ||     1
  Eat: Chunk             ||     4
Armor: Robe              ||    26
Dodge: Dodged            ||    96

Table legend:
 A = Spawn XP
 B = Non-spawn XP
 C = Spawn XP percentage of total XP
 D = Spawn monster count
 E = Non-spawn monster count
 F = Spawn count percentage of total count
 G = Total turns spent on level
                    A         B        C        D         E        F      G
               +---------+---------+-------+---------+---------+-------+---------
         Total |      11 |      46 |  19.3 |       7 |      33 |  17.5 |  1858
               +---------+---------+-------+---------+---------+-------+---------
           D:1 |       7 |      16 |  30.4 |       4 |      14 |  22.2 |   979
           D:2 |       4 |      27 |  12.9 |       3 |      16 |  15.8 |   840
           D:3 |       0 |       3 |   0.0 |       0 |       3 |   0.0 |    38
               +---------+---------+-------+---------+---------+-------+---------
